Map: Dusk Towers

Players

Time - Winner!

  • Race: Zerg Zerg
  • League: Master

xKawaiian

  • Race: Terran Terran
  • League: Master

VOD

Have the link to the VOD?

Description

Time

  • Played on: Jan. 15, 2016, 1:51 a.m.
  • Length: 9:57
Show
View Real Time Build Order
Export as new Build Order

Time Zerg - Winner!

Build Orders: Hatch First, Muta Ling Bane 

Get SALT Encoding   

  12  0:01  Drone  
  13  0:14  Overlord  
  13  0:17  Drone  
  14  0:33  Drone x2  
  16  0:36  Drone  
  17  0:53  Hatchery  
  17  0:54  Drone  
  17  0:59  Drone  
  18  1:13  Spawning Pool  
  18  1:14  Drone  
  18  1:18  Drone  
  18  1:21  Extractor  
  18  1:30  Drone  
  19  1:41  Overlord  
  19  1:59  Queen  
  19  2:00  Zergling x2  
  22  2:01  Zergling x2  
  22  2:05  Drone, Queen  
  26  2:13  Drone  
  27  2:16  Drone  
  27  2:21  Metabolic Boost  
  28  2:23  Drone  
  28  2:27  Drone  
  30  2:33  Overlord  
  30  2:38  Queen  
  30  2:40  Drone  
  30  2:43  Extractor  
  32  2:45  Drone  
  32  2:49  Drone  
  35  2:56  Drone  
  36  2:59  Lair  
  36  3:01  Drone  
  37  3:06  Drone  
  37  3:10  Overlord  
  39  3:12  Drone  
  39  3:13  Drone x2  
  39  3:14  Queen  
  43  3:20  Drone  
  43  3:23  Extractor  
  43  3:24  Drone  
  43  3:25  Extractor  
  43  3:28  Overlord  
  43  3:29  Drone x2  
  43  3:30  Drone  
  46  3:36  Spine Crawler  
  46  3:40  Drone x2  
  47  3:50  Drone x2  
  47  3:51  Drone x2, Queen  
  53  3:59  Extractor  
  53  4:00  Spire  
  53  4:02  Drone  
  52  4:04  Overseer  
  52  4:10  Drone x3  
  55  4:17  Drone x3  
  55  4:24  Overlord  
  58  4:25  Overlord  
  58  4:32  Drone x2  
  58  4:33  Baneling Nest  
  59  4:42  Hatchery  
  58  5:06  Zergling x10  
  58  5:07  Zergling x4  
  65  5:12  Mutalisk x4  
  65  5:13  Mutalisk  
  75  5:15  Overlord  
  75  5:16  Centrifical Hooks  
  75  5:18  Baneling  
  75  5:19  Baneling  
  75  5:20  Zergling x2  
  76  5:28  Overlord  
  75  5:37  Mutalisk x2  
  75  5:39  Overlord x3  
  75  5:40  Zergling x2  
  80  5:44  Zergling x2  
  80  5:45  Zergling x2  
  82  5:53  Zergling x2  
  82  5:56  Drone x2  
  87  5:58  Drone x2  
  87  5:59  Drone  
  87  6:00  Baneling x4  
  87  6:03  Zerg Flyer Weapons Level 1  
  88  6:06  Zergling x4  
  88  6:07  Zergling x2  
  91  6:15  Drone  
  91  6:16  Evolution Chamber x2, Drone, Zergling x2  
  91  6:17  Zergling x4  
  94  6:18  Baneling  
  94  6:19  Baneling x2  
  94  6:24  Zergling x2  
  95  6:26  Zergling x2  
  95  6:27  Zergling x2  
  95  6:31  Mutalisk x2  
  95  6:32  Mutalisk  
  103  6:34  Baneling  
  103  6:36  Baneling  
  103  6:37  Zergling x4  
  103  6:39  Overlord  
  105  6:44  Zerg Melee Weapons Level 1  
  105  6:54  Overlord  
  105  7:01  Drone x7  
  109  7:04  Zerg Ground Armor Level 1  
  112  7:11  Zergling x4  
  112  7:12  Zergling x8  
  112  7:15  Drone x3  
  120  7:16  Drone  
  120  7:20  Drone  
  120  7:21  Extractor  
  122  7:23  Extractor  
  122  7:26  Drone x2  
  123  7:32  Mutalisk, Baneling  
  123  7:36  Drone x3  
  128  7:39  Zergling x4  
  128  7:41  Hatchery, Baneling x2  
  128  7:42  Baneling  
  129  7:44  Zergling x2  
  130  7:53  Overlord x2  
  130  8:02  Overlord  
  130  8:03  Overlord, Overseer  
  130  8:04  Overseer  
  130  8:05  Pneumatized Carapace  
  128  8:18  Mutalisk x3  
  129  8:23  Zergling x6  
  129  8:24  Zergling x8  
  125  8:32  Zergling x6  
  119  8:35  Mutalisk  
  119  8:36  Mutalisk  
  113  8:47  Mutalisk  
  110  8:51  Drone, Queen  
  110  8:52  Zergling x8  
  116  8:56  Zergling x2  
  116  9:00  Mutalisk  
  116  9:04  Zergling x2  
  116  9:05  Queen  
  116  9:07  Drone  
  120  9:10  Drone x2  
  120  9:11  Queen  
  120  9:14  Drone x3  
  127  9:19  Baneling x2  
  127  9:20  Baneling x2  
  127  9:21  Drone x3  
  127  9:22  Drone  
  131  9:26  Zergling x2  
  131  9:27  Baneling x3  
  131  9:28  Baneling  
Show
View Real Time Build Order
Export as new Build Order

xKawaiian Terran 

Build Orders: Reaper Expand, MMM Bio 

Get SALT Encoding   

  12  0:01  SCV  
  13  0:13  SCV  
  14  0:21  Supply Depot  
  14  0:25  SCV  
  15  0:43  SCV  
  15  0:45  Barracks  
  16  0:52  Refinery  
  16  0:55  SCV  
  17  1:07  SCV  
  18  1:19  SCV  
  19  1:32  Orbital Command  
  19  1:35  Reaper  
  20  1:41  Command Center  
  20  1:56  Supply Depot  
  20  1:58  SCV  
  21  2:08  Barracks Reactor  
  21  2:10  SCV  
  21  2:11  Barracks  
  22  2:22  SCV, Barracks  
  23  2:34  SCV  
  24  2:45  Marine x2  
  24  2:46  SCV  
  27  2:55  Orbital Command  
  27  2:58  SCV  
  27  2:59  Barracks Tech Lab  
  27  3:02  Marine  
  27  3:03  Marine  
  30  3:07  Factory  
  30  3:08  Refinery  
  30  3:11  SCV  
  31  3:14  Marine  
  31  3:19  Stimpack, Marine  
  33  3:20  Marine x2  
  33  3:21  SCV  
  33  3:23  SCV  
  37  3:31  Marine  
  37  3:33  SCV  
  37  3:34  Supply Depot  
  39  3:37  SCV, Marine  
  39  3:38  Marine  
  42  3:46  SCV, Marine  
  44  3:49  SCV, Marine  
  44  3:52  Starport  
  44  3:54  Factory Reactor  
  45  3:58  SCV  
  45  4:01  SCV  
  47  4:02  Marine  
  47  4:03  Supply Depot, Marine  
  47  4:04  Marine  
  50  4:10  SCV, Supply Depot, Marine  
  50  4:17  SCV  
  53  4:20  Marine  
  54  4:24  SCV, Marine  
  54  4:26  Supply Depot  
  54  4:30  SCV  
  57  4:36  Medivac x2  
  57  4:38  SCV, Marine x2  
  62  4:39  Marine  
  62  4:42  SCV, Factory Reactor  
  66  4:51  Marine  
  66  4:52  Supply Depot  
  67  4:54  SCV  
  67  4:57  Command Center  
  67  4:58  SCV  
  69  5:00  Marine x2  
  69  5:02  Marine  
  69  5:06  SCV  
  73  5:10  Marine  
  73  5:13  SCV  
  75  5:17  Refinery x2  
  75  5:18  Marine x2  
  75  5:19  Marine  
  78  5:23  Supply Depot  
  78  5:26  Medivac  
  80  5:28  Marine  
  80  5:29  Medivac  
  80  5:30  SCV  
  84  5:36  Marine x2  
  84  5:39  Combat Shields  
  84  5:41  Hellion  
  86  5:45  SCV, Hellion  
  86  5:47  Engineering Bay x2  
  88  5:56  SCV, Medivac  
  91  5:57  Barracks Reactor  
  91  6:02  Hellion  
  93  6:05  Marine  
  93  6:08  Marine  
  93  6:09  SCV x2, Hellion, Medivac  
  101  6:14  Missile Turret  
  101  6:15  Missile Turret  
  101  6:17  Marine  
  102  6:20  Terran Infantry Weapons Level 1, Terran Infantry Armor Level 1  
  102  6:21  SCV  
  100  6:26  Marine x2  
  100  6:27  SCV  
  100  6:30  Medivac  
  105  6:33  SCV  
  105  6:35  Marine  
  105  6:39  SCV  
  108  6:42  Barracks  
  108  6:44  Barracks  
  108  6:49  Medivac  
  109  7:02  SCV, Hellion  
  109  7:08  Marine  
  109  7:09  SCV  
  109  7:11  Hellion  
  109  7:13  Medivac  
  109  7:15  SCV, Missile Turret  
  109  7:17  Orbital Command  
  109  7:20  Marine  
  109  7:21  SCV  
  108  7:23  Marine  
  108  7:27  Widow Mine  
  111  7:30  Barracks Reactor, Barracks Tech Lab, Armory  
  111  7:31  Widow Mine  
  111  7:34  Marauder  
  111  7:35  Marine x2  
  117  7:37  SCV  
  118  7:44  SCV  
  118  7:45  Marine x2  
  85  8:36  Marine x2  
  85  8:37  SCV x2  
  85  8:38  Marine  
  85  8:39  Marine  
  85  8:43  Marine  
  85  8:44  SCV  
  85  8:45  Marine x2  
  85  8:46  Marauder  
  85  8:47  Hellion  
  85  8:55  Supply Depot  
  85  8:56  Supply Depot, Marine x2  
  85  8:57  Supply Depot, Marine x2  
  85  8:58  Supply Depot, Hellion  
  85  8:59  Supply Depot, Medivac  
  85  9:00  Medivac  
  85  9:01  Marine  
  85  9:02  SCV  
  82  9:03  SCV x2, Marine x2  
  82  9:05  Missile Turret  
  82  9:07  Missile Turret, Widow Mine  
  84  9:11  Marine  
  84  9:16  Marine  
  89  9:17  SCV x3  
  89  9:19  Widow Mine  
  89  9:22  Marine x3  
  94  9:29  SCV x3  
  94  9:30  Supply Depot  
  94  9:38  Marine x2  
  94  9:43  SCV x2  
Tags
 
Add a new tag
Caveats
  • Supply blocks, unpowered buildings, or Contaminate may cause inaccurate times.
  • Supply counts are checked every 10 seconds.